 Dungeon Crawl Stone Soup version 0.25-a0-815-gab441bd002 (webtiles) character file.

Game seed: 533108889569459702, levelgen mode: deterministic

55 15rune the Vexing (level 3, -3/24 HPs)
             Began as a Vampire Enchanter on Apr 20, 2020.
             Was an Initiate of Yredelemnul.
             Slain by a centaur zombie (5 damage)
             ... on level 2 of the Dungeon.
             The game lasted 00:06:32 (1268 turns).

15rune the Vexing (Vampire Enchanter)               Turns: 1268, Time: 00:06:32

Health: -3/24      AC:  2    Str:  7    XL:     3   Next: 67%
Magic:  6/6        EV: 12    Int: 18    God:    Yredelemnul [......]
Gold:   65         SH:  0    Dex: 14    Spells: 3/6 levels left

rFire    . . .     SeeInvis +   a - +1 dagger
rCold    . . .     Gourm    .   (no shield)
rNeg     . . .     Faith    .   b - +0 robe
rPois    .         Spirit   .   (no helmet)
rElec    .         Reflect  .   (no cloak)
rCorr    .         Harm     .   (no gloves)
MR       .....                  (no boots)
Stlth    +++.......             (no amulet)
HPRegen  0.28/turn              (no ring)
MPRegen  0.10/turn              (no ring)

@: very slightly contaminated, regenerating quickly
A: no food, fangs 3, see invisible, unbreathing
a: Exsanguinate, Renounce Religion


You were on level 2 of the Dungeon.
You worshipped Yredelemnul.
Yredelemnul was noncommittal.
You were alive.

You visited 1 branch of the dungeon, and saw 2 of its levels.

You collected 65 gold pieces.

Inventory:

Hand Weapons
 a - a +1 dagger (weapon)
Armour
 b - a +0 robe (worn)
Jewellery
 d - an uncursed ring of magical power {unknown}
 f - a +2 ring of dexterity {unknown}
Scrolls
 c - a scroll of amnesia {unknown}


   Skills:
 + Level 2.0 Short Blades
 - Level 2.1 Dodging
 + Level 5.1 Stealth
 + Level 2.4 Spellcasting
 * Level 5.4 Hexes


You had 3 spell levels left.
You knew the following spells:

 Your Spells              Type           Power        Failure   Level  Hunger
a - Corona                Hex            ###....      1%          1    N/A
b - Ensorcelled Hibernat  Hex/Ice        ##....       9%          2    N/A

Your spell library contained the following spells:

 Spells                   Type           Power        Failure   Level  Hunger
 Confusing Touch          Hex            ###.....     5%          3    N/A
 Tukima's Dance           Hex            ###.....     5%          3    N/A
 Dazzling Flash           Conj/Hex       ##....       17%         3    N/A

Dungeon Overview and Level Annotations

Branches:
Dungeon (1/15)

Altars:
Yredelemnul


Innate Abilities, Weirdness & Mutations

You do not eat.
Your natural rate of healing is unusually fast.
You have razor-sharp teeth.
You have supernaturally acute eyesight. (SInv)
You can survive without breathing.


Message History

Press: ? - help, Dir - move target cursor You are very lightly contaminated with residual magic.
As you read the scroll labeled LESSYNW OTZO, it crumbles to dust.
It was a scroll of blinking.
You begin bloodletting.
You continue bloodletting.
Keep bloodletting? [Y]es or [N]o only, please.
Keep bloodletting? [Y]es or [N]o only, please.
Keep bloodletting?
You continue bloodletting. x2
The centaur zombie hits you.
* * * LOW HITPOINT WARNING * * *
You continue bloodletting.
The centaur zombie hits you.
* * * LOW HITPOINT WARNING * * *
You continue bloodletting.
The centaur zombie hits you.
You die...
Yredelemnul claims you as an undead slave.

### ..# #.# #.#
####.#######
##..........#
#@Z##.#####.#
#....##.# #.#
#.......#.# #.######
###.......#####......#
###.######.......#.#
#.# #.#####.#.# #.#
#.# #.#.# #+# #.#
#.#.# #.# #.#.#


You could see a centaur zombie.

Vanquished Creatures
  An ooze (D:1)
  3 dart slugs
  4 leopard geckos (D:1)
  A giant cockroach (D:1)
  5 hobgoblins
  5 jackals (D:1)
  4 bats (D:1)
  6 frilled lizards (D:1)
  3 goblins (D:1)
  3 kobolds (D:1)
  8 rats
43 creatures vanquished.

Notes
Turn   | Place    | Note
-------+----------+-------------------------------------------
     0 | D:1      | 15rune the Vampire Enchanter began the quest for the Orb.
     0 | D:1      | Reached XP level 1. HP: 13/13 MP: 3/3
   270 | D:1      | Reached XP level 2. HP: 19/19 MP: 5/5
   274 | D:1      | Learned a level 2 spell: Ensorcelled Hibernation
   565 | D:1      | Reached skill level 5 in Hexes
   714 | D:1      | Reached XP level 3. HP: 14/24 MP: 4/6
   930 | D:1      | Reached skill level 5 in Stealth
  1107 | D:1      | You fall into a shaft and drop 1 floor!
  1117 | D:2      | Found a basalt altar of Yredelemnul.
  1126 | D:2      | Became a worshipper of Yredelemnul the Dark
  1268 | D:2      | Slain by a centaur zombie

Levels and vault maps discovered:
D:1:      scummos_arrival_checkerplants, layout_loops_corners,
          minmay_lizard_king
D:2:      layout_loops_corners, overflow_temple_1_default,
          minmay_tree_intersection, kennysheep_doodads

Skill      XL: |  1  2  3 |
---------------+----------+-----
Hexes          | 5 |  5.4
Stealth        | 5 |  5.1
Short Blades   | 2 |  2.0
Dodging        | |  2.1
Spellcasting   | |  2.4

Action                   || total
-------------------------++-------
Melee: Dagger            ||   154
       Bite              ||    10
 Cast: Corona            ||    21
       Ensorcelled Hiber ||     8
 Abil: Exsanguinate      ||     1
  Use: Scroll            ||     1
 Stab: Sleeping          ||    11
Armor: Robe              ||    29
Dodge: Dodged            ||    93

Table legend:
 A = Non-vault XP
 B = Vault XP
 C = Vault XP percentage of total XP
 D = Non-vault monster count
 E = Vault monster count
 F = Vault count percentage of total count
                 A         B        C        D         E       F
            +---------+---------+-------+---------+---------+-------
      Total |      70 |       9 |  11.4 |      36 |       7 |  16.3
            +---------+---------+-------+---------+---------+-------
        D:1 |      59 |       9 |  13.2 |      32 |       7 |  17.9
        D:2 |      11 |       0 |   0.0 |       4 |       0 |   0.0
            +---------+---------+-------+---------+---------+-------
